 Dungeon Crawl Stone Soup version 0.22.1-6-g1668fe2 (webtiles) character file.

162 doot the Caller (level 5, -11/36 HPs)
             Began as a Vampire Summoner on Jan 21, 2019.
             Shot with an arrow by a centaur (14 damage)
             ... on level 5 of the Dungeon.
             The game lasted 00:15:25 (4193 turns).

doot the Caller (Vampire Summoner)                  Turns: 4193, Time: 00:15:25

Health: -11/36     AC:  3    Str:  7    XL:     5   Next: 19%
Magic:  1/9        EV: 12    Int: 22    God:
Gold:   170        SH:  3    Dex: 15    Spells: 2/10 levels left

rFire    . . .     SeeInvis +   b - -2 dagger (curse)
rCold    . . .     Gourm    .   n - +0 buckler
rNeg     + . .     Faith    .   r - +0 leather armour
rPois    .         Spirit   .   (no helmet)
rElec    .         Reflect  .   (no cloak)
rCorr    .         Harm     .   (no gloves)
MR       .....                  (no boots)
Stlth    +++.......             (no amulet)
HPRegen  0.12/turn              l - ring of wizardry
MPRegen  0.11/turn              t - +4 ring of intelligence

@: no status effects
A: fangs 3, see invisible, unbreathing
a: Bat Form


You were on level 5 of the Dungeon.
You were not thirsty.

You visited 1 branch of the dungeon, and saw 5 of its levels.

You collected 170 gold pieces.

Inventory:

Hand Weapons
 b - a cursed -2 dagger (weapon)
 k - a +0 mace
 q - a +0 dagger
Armour
 a - a +0 robe
 n - a +0 buckler (worn)
 r - a +0 leather armour (worn)
Jewellery
 d - an uncursed ring of positive energy
 l - a ring of wizardry (left hand)
 t - a +4 ring of intelligence (right hand)
Scrolls
 e - 5 scrolls of teleportation {unknown}
 g - 4 scrolls of identify {unknown}
 h - 2 scrolls of remove curse {unknown}
 i - a scroll of amnesia {unknown}
 m - 3 scrolls of fear {unknown}
 o - 2 scrolls of immolation {unknown}
 u - a scroll of noise {unknown}
 v - 2 scrolls of magic mapping {unknown}
Potions
 c - 7 potions of blood
 f - 2 potions of curing {unknown}
 j - 3 potions of haste {unknown}
 p - a potion of lignification {unknown}
 s - a potion of flight {unknown}
 w - a potion of mutation {unknown}


   Skills:
 + Level 0.5 Fighting
 + Level 0.4 Short Blades
 + Level 3.0 Dodging
 + Level 4.3 Stealth
 + Level 0.1 Unarmed Combat
 + Level 3.0 Spellcasting
 + Level 5.1 Summonings


You had 2 spell levels left.
You knew the following spells:

 Your Spells              Type           Power        Failure   Level  Hunger
a - Summon Small Mammal   Summ           ####         1%          1    None
b - Call Imp              Summ           ####....     2%          2    ##.....
c - Call Canine Familiar  Summ           ####....     4%          3    ###....
d - Ensorcelled Hibernat  Hex/Ice        #.....       19%         2    ##.....

Your spell library contained the following spells:

 Spells                   Type           Power        Failure   Level  Hunger
 Corona                   Hex            #......      12%         1    None
 Summon Guardian Golem    Hex/Summ       ##......     13%         3    ###....
 Confuse                  Hex            #.......     34%         3    ###....
 Dazzling Spray           Conj/Hex       #.....       34%         3    ###....
 Tukima's Dance           Hex            #.......     34%         3    ###....
 Summon Ice Beast         Ice/Summ       ##......     38%         4    ####...
 Summon Lightning Spire   Summ/Air       ##......     38%         4    ####...


Dungeon Overview and Level Annotations

Branches:
Dungeon (5/15)
 Temple: D:4-7

Altars:
Makhleb
Xom

Annotations:
D:4 2 runed doors, infcreate's ghost, amateur DECj


Innate Abilities, Weirdness & Mutations

You have razor-sharp teeth.
You have supernaturally acute eyesight. (SInv)
You can survive without breathing.


Message History

The jackal bites your hound but does no damage.
Your hound bites the jackal.
The jackal dies!
The centaur shoots an arrow.
The arrow closely misses your crimson imp.
The arrow barely misses you.
Your crimson imp blinks!
Casting: Call Imp (safe; 2% risk of failure)
Confirm with . or Enter, or press ? or * to list all spells.
You don't have enough magic to cast that spell.
Your hound bites the centaur.
The centaur shoots an arrow.
The arrow hits you!
* * * LOW HITPOINT WARNING * * *
The arrow freezes you.
* * * LOW HITPOINT WARNING * * *
Your crimson imp hits the centaur.
Your hound barely misses the centaur.
Your crimson imp hits the centaur but does no damage.
There is a stone staircase leading up, spattered with blood here.
You see here an arrow.
The centaur shoots an arrow.
The arrow hits you!
You die...

.# #.# #)# #.#
#.# #.#
##########5#
...(....@(c##
########.h5.#
####.########
####.(.......
#...(...(....
................
###++####.......
....... .......


You could see a centaur, a friendly hound and 2 friendly crimson imps.

Vanquished Creatures
  An adder (D:2)
  A worm (D:2)
  A leopard gecko (D:1)
  A giant cockroach (D:1)
  2 goblins (D:1)
  A hobgoblin (D:1)
  2 kobolds
  2 bats
  A leopard gecko skeleton (D:4)
  3 rats
15 creatures vanquished.

Vanquished Creatures (collateral kills)
  An orc priest (D:4)
  An orc wizard (D:4)
  2 worker ants (D:4)
  5 adders
  3 worms
  2 dart slugs
  3 leopard geckos
  11 orcs
  8 giant cockroaches (D:1)
  6 goblins
  4 hobgoblins
  10 jackals
  5 kobolds
  A quokka (D:2)
  6 bats
  4 frilled lizards (D:1)
  5 rats
77 creatures vanquished.

Grand Total: 92 creatures vanquished

Notes
Turn   | Place    | Note
-------+----------+-------------------------------------------
     0 | D:1      | doot the Vampire Summoner began the quest for the Orb.
     0 | D:1      | Reached XP level 1. HP: 13/13 MP: 3/3
   461 | D:1      | Reached XP level 2. HP: 19/19 MP: 0/5
   475 | D:1      | Learned a level 2 spell: Call Imp
  1300 | D:1      | Reached XP level 3. HP: 24/24 MP: 6/6
  1452 | D:2      | Learned a level 3 spell: Call Canine Familiar
  1600 | D:2      | Found a shimmering altar of Xom.
  1918 | D:2      | Reached XP level 4. HP: 24/30 MP: 4/8
  2889 | D:4      | Learned a level 2 spell: Ensorcelled Hibernation
  3093 | D:4      | Found a burning altar of Makhleb.
  3220 | D:4      | Noticed an ice beast
  3225 | D:4      | Reached XP level 5. HP: 33/36 MP: 2/9
  3489 | D:4      | Noticed a phantom
  3533 | D:5      | Entered Level 5 of the Dungeon
  3582 | D:5      | Noticed a centaur
  3933 | D:4      | Found a runed door.
  3938 | D:4      | Noticed infcreate's ghost (amateur DECj)
  3993 | D:4      | Found a runed door.
  4014 | D:4      | Reached skill level 5 in Summonings
  4193 | D:5      | Shot with an arrow by a centaur

Skill      XL: |  1  2  3  4  5 |
---------------+----------------+-----
Stealth        | 4 |  4.3
Dodging        | 3 |  3.0
Spellcasting   | 3 |  3.0
Summonings     | 5 |  5.1
Fighting       | |  0.5
Short Blades   | |  0.4
Unarmed Combat | |  0.1

Action                   |  1- 3 |  4- 6 || total
-------------------------+-------+-------++-------
Melee: Unarmed           |     9 |       ||     9
       Dagger            |    69 |    23 ||    92
       Bite              |     7 |     2 ||     9
 Cast: Summon Small Mamm |    24 |       ||    24
       Call Imp          |    15 |    12 ||    27
       Call Canine Famil |     4 |    18 ||    22
  Use: Potion            |     4 |    11 ||    15
 Stab: Sleeping          |    11 |     2 ||    13
Armor: Robe              |    36 |     4 ||    40
       Leather armour    |       |     6 ||     6
Dodge: Dodged            |   134 |    33 ||   167
Block: Buckler           |       |     2 ||     2
